AoeStats
← Arr0gant

Migration

506789482Analyzed
1v1 RM · 18d ago on Sep 15, 2026· 30m 2s· 2 players
Game mode
Random Map
Map size
132×132
Population
200
Speed
Normal
Resources
Standard
Victory
Conquest
Starting age
Dark Age
Ending age
Imperial Age
RankedLock teamsTeams togetherTeam positionsShared explorationLock speedFull tech treeHidden civsTurbo modeCheats
Victory
Defeat
🇬🇧 Wu · United Kingdom
1065
+15
🇨🇳 Japanese · China
1043
-15
Arr0gant
6:34 Loom
10:31 Feudal Age
11:19 Double-Bit Axe
16:50 Castle Age
14:57 Gold Mining
16:33 Fishing Lines
18:05 Wheelbarrow
18:30 Medium Warships
18:07 Pikeman
19:01 Man-at-Arms
20:12 Bow Saw
21:48 Long Swordsman
26:21 Horse Collar
Vussian spy
10:29 Feudal Age
11:50 Loom
12:12 Double-Bit Axe
15:09 Castle Age
13:44 Fishing Lines
15:31 Wheelbarrow
15:44 Gillnets
16:40 Bow Saw
17:14 Medium Warships
17:02 Loom
17:04 Town Watch
19:06 Town Patrol
21:24 Forging
21:16 Scale Mail Armor
23:48 Horse Collar
Connection lost

Rejoining the realm…

Still unreachable

The connection could not be restored.

Session expired

The server has moved on; the page needs a fresh start.